 Dungeon Crawl Stone Soup version 0.25-a0-419-g7650d0de75 (webtiles) character file.

Game seed: 9261320729241017856, levelgen mode: deterministic

2696 Borgoz the Skirmisher (level 9, -5/88 HPs)
             Began as a Gargoyle Berserker on Jan 17, 2020.
             Was an Elder of Trog.
             Slain by a white ugly thing (13 damage)
             ... on level 8 of the Dungeon.
             The game lasted 00:07:10 (5993 turns).

Borgoz the Skirmisher (Gargoyle Berserker)          Turns: 5993, Time: 00:07:11

Health: -5/88      AC: 18    Str: 31    XL:     9   Next: 65%
Magic:  9/9        EV: 13    Int: 10    God:    Trog [****..]
Gold:   346        SH:  0    Dex: 10    Spells: 8/8 levels left

rFire    + . .     SeeInvis .   i - +3 dire flail
rCold    . . .     Gourm    .   (shield currently unavailable)
rNeg     + . .     Faith    .   u - +3 ring mail of Contentment {*Contam rPois Str+3 Int+2}
rPois    ∞         Spirit   .   (no helmet)
rElec    +         Reflect  .   v - +0 cloak (curse)
rCorr    +         Harm     .   (no gloves)
MR       .....                  m - +0 pair of boots
Stlth    ..........             (no amulet)
HPRegen  0.24/turn              a - ring of protection from fire
MPRegen  0.11/turn              w - ring of resist corrosion

@: berserking, very quick
A: negative energy resistance 1, electricity resistance, unbreathing,
petrification resistance, rot immunity, AC +6
a: Berserk, Trog's Hand, Brothers in Arms, Renounce Religion


You were on level 8 of the Dungeon.
You worshipped Trog.
Trog was greatly pleased with you.
You were very hungry.

You visited 1 branch of the dungeon, and saw 8 of its levels.

You collected 346 gold pieces.

Inventory:

Hand Weapons
 i - a +3 dire flail (weapon)
 B - the +6 dagger of Incongruity {vorpal, +Fly rC+ Dex+4, unknown}
   (You found it on level 8 of the Dungeon)

   It inflicts extra damage upon your enemies.
   It affects your dexterity (+4).
   It protects you from cold.
   It lets you fly.
Armour
 m - a +0 pair of boots (worn)
 u - the +3 ring mail of Contentment (worn) {*Contam rPois Str+3 Int+2}
   (You found it on level 4 of the Dungeon)

   It affects your strength (+3).
   It affects your intelligence (+2).
   It protects you from poison.
   It causes magical contamination when unequipped.
 v - a cursed +0 cloak (worn)
Jewellery
 a - a ring of protection from fire (left hand)
 w - a ring of resist corrosion (right hand)
 y - a +1 ring of evasion {unknown}
Wands
 n - a wand of acid (10)
 o - a wand of paralysis (3)
 s - a wand of digging (5)
Scrolls
 b - a scroll of enchant armour
 d - a scroll of immolation {unknown}
 f - a scroll of fog
 g - 3 scrolls of teleportation
 k - 3 scrolls of remove curse
Potions
 e - 2 potions of heal wounds
 h - 5 potions of curing
 j - a potion of brilliance
 l - a potion of invisibility
 p - a potion of haste {unknown}
 q - a potion of mutation
 r - 2 potions of lignification
 t - a potion of flight
 x - a potion of degeneration
 z - a potion of agility
 A - a potion of might
Comestibles
 c - 8 rations
 C - 11 chunks of flesh


   Skills:
 + Level 7.8 Fighting
 + Level 7.1 Maces & Flails
 + Level 7.4 Armour
 + Level 5.5 Dodging


You had 8 spell levels left.
You didn't know any spells.
Your spell library was empty.

Dungeon Overview and Level Annotations

Branches:
Dungeon (8/15)             Temple (0/1) D:7
   Lair: D:8-11

Altars:
Elyvilon
Fedhas
Hepliaklqana
Kikubaaqudgha
Makhleb
Nemelex Xobeh
Sif Muna
Vehumet


Innate Abilities, Weirdness & Mutations

You are resistant to torment.
Your stone body is resilient. (AC +6)
You are immune to poison.
You resist negative energy. (rN+)
You are resistant to electric shocks. (rElec)
You can survive without breathing.
You are immune to petrification.
You are immune to rotting.


Message History

You sock the white ugly thing!
The white ugly thing is almost dead.
The white ugly thing bites you. The white ugly thing freezes you!!
* * * LOW HITPOINT WARNING * * *
You closely miss the white ugly thing.
The white ugly thing is almost dead.
You hit the white ugly thing.
The white ugly thing is almost dead.
The white ugly thing bites you but does no damage.
You barely miss the white ugly thing.
The white ugly thing is almost dead.
You hit the white ugly thing.
The white ugly thing is almost dead.
The white ugly thing bites you but does no damage.
You closely miss the white ugly thing.
The white ugly thing is almost dead.
The white ugly thing bites you.
* * * LOW HITPOINT WARNING * * *
The white ugly thing freezes you!
You die...

......# #..,.##,,,,***,,,,**
###..## #..,..,,,***,,,,***.
#...# ###..,..,**#.,,,***,,.
##..# #.#..#.###...,***,,,,*
#..## #.#..#.#....#**,,,,***
#...#####.#.......#**,,,,***,,
#.#....##.#..OO.#**.,,,***,,,,
#.####..#÷#.#u#**...,***,,,,**
####.## ##.#.#.#@#....#**,,,,***,
......####.#.#..........,,,***,,,
...#####.%...#.#########*********
..###.##........######**,,,,,,,,,
.###...##.............,,,,,,,,***
.##..#..##.........###**,,,,***
:#..###.##...†..#### *,,,,*
..÷.##...##.....# *,,,,*
...###....#.....# ******


You could see a white ugly thing and 2 two-headed ogres.

Vanquished Creatures
  Prince Ribbit (D:7)
  Sigmund (D:4)
  A wyvern (D:8)
  2 sky beasts
  A necrophage (D:8)
  An orc warrior (D:7)
  4 ogres
  A phantom (D:6)
  A big kobold (D:8)
  6 bullfrogs
  A water moccasin zombie (D:7)
  5 wights (D:7)
  3 crimson imps
  A quasit (D:8)
  An orc priest (D:3)
  2 centaur skeletons
  3 bullfrog skeletons
  Jessica (D:2)
  Terence (D:3)
  An iguana (D:8)
  4 orc wizards
  3 worker ants
  A hound skeleton (D:8)
  5 adders
  An adder zombie (D:5)
  2 worms (D:3)
  2 dart slugs
  5 leopard geckos
  15 orcs
  3 giant cockroaches
  9 goblins
  8 hobgoblins
  7 jackals
  2 quokkas
  2 ball pythons
  A ball python skeleton (D:4)
  2 bats
  3 frilled lizards
  5 kobolds
  A leopard gecko skeleton (D:8)
  5 rats
124 creatures vanquished.

Notes
Turn   | Place    | Note
-------+----------+-------------------------------------------
     0 | D:1      | Borgoz the Gargoyle Berserker began the quest for the Orb.
     0 | D:1      | Reached XP level 1. HP: 14/14 MP: 1/1
   271 | D:1      | Reached XP level 2. HP: 17/19 MP: 2/2
  1215 | D:2      | Noticed Jessica
  1222 | D:2      | Killed Jessica
  1222 | D:2      | Reached XP level 3. HP: 24/24 MP: 3/3
  1236 | D:2      | Noticed a sky beast
  1247 | D:2      | Killed a sky beast
  1247 | D:2      | Reached XP level 4. HP: 20/29 MP: 4/4
  1247 | D:2      | Reached XP level 5. HP: 23/33 MP: 5/5
  1810 | D:2      | Reached ** piety under Trog
  2150 | D:3      | Noticed Terence
  2167 | D:3      | Killed Terence
  2275 | D:3      | Found a white marble altar of Elyvilon.
  2306 | D:3      | Reached XP level 6. HP: 29/39 MP: 6/6
  2839 | D:4      | Noticed Sigmund
  2853 | D:4      | Killed Sigmund
  2853 | D:4      | Reached skill level 5 in Fighting
  2853 | D:4      | Reached XP level 7. HP: 44/44 MP: 7/7
  2987 | D:4      | Got a brightly glowing ring mail
  2998 | D:4      | Identified the +3 ring mail of Contentment {*Contam rPois
                  | Str+3 Int+2} (You found it on level 4 of the Dungeon)
  3027 | D:4      | Found a sparkling altar of Nemelex Xobeh.
  3028 | D:4      | Found a blossoming altar of Fedhas.
  3028 | D:4      | Found a shimmering blue altar of Sif Muna.
  3029 | D:4      | Found a radiant altar of Vehumet.
  3301 | D:5      | Entered Level 5 of the Dungeon
  3490 | D:5      | Reached skill level 5 in Maces & Flails
  3499 | D:5      | Reached skill level 5 in Armour
  3728 | D:5      | Reached *** piety under Trog
  3913 | D:6      | Reached XP level 8. HP: 44/51 MP: 8/8
  4379 | D:6      | Found a hazy altar of Hepliaklqana.
  4621 | D:6      | Found an ancient bone altar of Kikubaaqudgha.
  5258 | D:7      | Identified the Almanac of the Mind
  5270 | D:7      | Noticed Prince Ribbit
  5354 | D:7      | Found a staircase to the Ecumenical Temple.
  5385 | D:7      | Killed Prince Ribbit
  5385 | D:7      | Reached XP level 9. HP: 57/57 MP: 9/9
  5446 | D:7      | Reached skill level 5 in Dodging
  5777 | D:8      | Got an iridescent dagger
  5914 | D:8      | Reached **** piety under Trog
  5923 | D:8      | Found a burning altar of Makhleb.
  5977 | D:8      | Noticed a white ugly thing
  5979 | D:8      | Noticed a two-headed ogre
  5981 | D:8      | Noticed a two-headed ogre
  5993 | D:8      | Slain by a white ugly thing

Levels and vault maps discovered:
D:1:      dpeg_arrival_radiant, layout_basic, chequers_big_river
D:2:      layout_basic, uniq_jessica
D:3:      layout_loops_ring, first_ration, elyvilon_altar_1, uniq_terence
D:4:      layout_rooms, chequers_temple_overflow_statue_of_worship, uniq_sigmund
D:5:      layout_cave_pools
D:6:      layout_loops_corners, lemuel_doored_altar, marbit_many_paths
D:7:      layout_basic, minmay_temple_entry_sparse_star, uniq_prince_ribbit1
D:8:      minmay_tri_box, layout_rooms, makhleb_blood_cavern_becter,
          nicolae_ossuary_entry_plus

Skill      XL: |  1  2  3  4  5  6  7  8  9 |
---------------+----------------------------+-----
Dodging        | 2 3 4 5 |  5.5
Fighting       | 4 5 7 |  7.8
Armour         | 3 4 5 6 7 |  7.4
Maces & Flails | 4 5 6 7 |  7.1

Action                   |  1- 3 |  4- 6 |  7- 9 || total
-------------------------+-------+-------+-------++-------
Melee: Mace              |    68 |   122 |       ||   190
       Flail             |       |    31 |   140 ||   171
       Dire flail        |       |       |   145 ||   145
Invok: Berserk           |     1 |     2 |     4 ||     7
Evoke: Wand              |       |       |     2 ||     2
  Use: Potion            |       |     2 |       ||     2
       Scroll            |       |       |    11 ||    11
 Stab: Sleeping          |     1 |       |       ||     1
       Paralysed         |       |       |     2 ||     2
  Eat: Chunk             |     1 |     7 |    11 ||    19
       Ration            |       |       |     1 ||     1
Armor: Animal skin       |    15 |    18 |       ||    33
       Scale mail        |       |    71 |     4 ||    75
       Ring mail         |       |       |   144 ||   144
Dodge: Dodged            |    46 |   113 |   182 ||   341

Table legend:
 A = Non-vault XP
 B = Vault XP
 C = Vault XP percentage of total XP
 D = Non-vault monster count
 E = Vault monster count
 F = Vault count percentage of total count
                 A         B        C        D         E       F
            +---------+---------+-------+---------+---------+-------
      Total |    3044 |     808 |  21.0 |     117 |       7 |   5.6
            +---------+---------+-------+---------+---------+-------
        D:1 |      28 |       0 |   0.0 |      15 |       0 |   0.0
        D:2 |     161 |      37 |  18.7 |      14 |       1 |   6.7
        D:3 |     122 |      36 |  22.8 |      25 |       1 |   3.8
        D:4 |      47 |     220 |  82.4 |       5 |       1 |  16.7
        D:5 |     482 |       0 |   0.0 |      16 |       0 |   0.0
        D:6 |     393 |     118 |  23.1 |       5 |       1 |  16.7
        D:7 |     806 |     255 |  24.0 |      17 |       1 |   5.6
        D:8 |    1005 |     142 |  12.4 |      20 |       2 |   9.1
            +---------+---------+-------+---------+---------+-------
